 Dungeon Crawl Stone Soup version 0.17.1-1-g73c8601 (webtiles) character file.

42939 Implojin the Brawler (level 13, -2/110 HPs)
             Began as a Troll Fighter on Apr 6, 2016.
             Was a High Priest of Okawaru.
             Slain by a spiny frog (20 damage)
             ... on level 8 of the Lair of Beasts.
             The game lasted 00:47:21 (5894 turns).

Implojin the Brawler (Troll Fighter)                Turns: 5894, Time: 00:47:21

Health: -2/110     AC:  8    Str: 27    XL:     13   Next: 88%
Magic:  17/18      EV: 13    Int:  7    God:    Okawaru [*****.]
Gold:   73         SH: 11    Dex: 13    Spells: 0 memorised, 12 levels left

rFire  + . .     SeeInvis .       - Unarmed
rCold  . . .     Clarity  .     l - +2 robe "Edocleec" {MR+ Int+3}
rNeg   . . .     SustAt   .     b - +0 shield
rPois  .         Gourm    +     (helmet restricted)
rElec  .         Spirit   .     x - +0 cloak
rCorr  .         Warding  .     (gloves unavailable)
rMut   .         Stasis   .     (boots unavailable)
MR     +....                    m - amulet of rage
Stlth  +++.......               A - ring of stealth
                                y - ring of protection from fire

@: heroism, finesse, somewhat resistant to hostile enchantments, fairly stealthy
A: unfitting armour, claws 3, fast metabolism 3, gourmand, regeneration 2,
shaggy fur 1, tough skin 2
a: Heroism, Finesse, Renounce Religion, Evoke Berserk Rage


You were on level 8 of the Lair of Beasts.
You worshipped Okawaru.
Okawaru was extremely pleased with you.
You were very full.

You visited 3 branches of the dungeon, and saw 24 of its levels.
You also visited: Ice Cave.

You collected 456 gold pieces.
You spent 383 gold pieces at shops.

Inventory:

Hand Weapons
 G - a +1 blowgun
Missiles
 s - 5 large rocks (quivered)
Armour
 b - a +0 shield (worn)
 l - the +2 robe "Edocleec" (worn) {MR+ Int+3}
   (Okawaru gifted it to you on level 1 of the Depths)

   It affects your intelligence (+3).
   It affects your resistance to hostile enchantments.
 x - a +0 cloak (worn)
 N - a troll hide
 O - a +1 hat of magic resistance
Magical Staves
 E - an uncursed staff of wizardry
Jewellery
 m - an amulet of rage (around neck)
 y - a ring of protection from fire (left claw)
 A - a ring of stealth (right claw)
 I - an uncursed ring of wizardry
 S - an uncursed ring of protection from cold {unknown}
Wands
 a - a wand of slowing (15)
 h - a wand of digging (12)
 j - a wand of lightning (1)
 n - a wand of heal wounds (6)
 w - a wand of lightning (4)
 B - a wand of flame (9)
 H - a wand of disintegration (1)
 P - a wand of lightning (5)
 T - a wand of disintegration (17)
 W - a wand of magic darts (21)
Scrolls
 c - 2 scrolls of noise
 e - 4 scrolls of fog
 g - a scroll of immolation
 k - 4 scrolls of teleportation
 o - a scroll of random uselessness
 p - 2 scrolls of enchant armour
 t - 2 scrolls of remove curse
 u - 3 scrolls of amnesia
 F - a scroll of magic mapping
 K - 2 scrolls of recharging
 R - a scroll of torment
Potions
 f - 3 potions of curing
 q - a potion of magic
 r - 3 potions of flight
 C - a potion of resistance
 D - a potion of poison
 L - a potion of cancellation
 M - a potion of berserk rage {unknown}
 V - a potion of degeneration {unknown}
Books
 U - a book of Death

   Spells                             Type                      Level
   a - Corpse Rot                     Necromancy                   2
   b - Sublimation of Blood           Necromancy                   2
   c - Agony                          Necromancy                   5
   d - Dispel Undead                  Necromancy                   5
   e - Excruciating Wounds            Charms/Necromancy            5
   f - Bolt of Draining               Conjuration/Necromancy       5
Miscellaneous
 J - a phial of floods
Comestibles
 d - 10 bread rations
 i - a slice of pizza
 v - 4 meat rations
 z - a beef jerky


   Skills:
 - Level 2.4(7.4) Fighting
 - Level 2.4(7.4) Dodging
 - Level 2.4(7.4) Shields
 * Level 20.7(25.7) Unarmed Combat
 - Level 8.0 Invocations


You had 12 spell levels left.
You didn't know any spells.

Dungeon Overview and Level Annotations

Branches:
Dungeon (15/15)              Lair (8/8) D:11         Vaults (0/5) D:14
 Depths (1/5) D:15
 Temple: D:4-7        Swamp: Lair:3-6    Shoals: Lair:3-6     Snake: Lair:3-6
 Spider: Lair:3-6     Slime: Lair:6-8       Orc: D:9-12

Altars:
Cheibriados
Fedhas
Gozag
Makhleb
Okawaru
Qazlal
Ru
Vehumet
Yredelemnul
The Shining One

Shops:
D:4 (   D:7 !   D:10 ?   D:14 [

Annotations:
Lair:8 exclusion: upstairs


Innate Abilities, Weirdness & Mutations

You are too large for most types of armour.
You have claws for hands.
Your metabolism is lightning-fast.
You like to eat raw meat.
You heal very quickly.
You are covered in fur (AC +1).
You have very tough skin (AC +2).


Message History

You claw the spiny frog!
The spiny frog is moderately wounded.
You scratch the spiny frog but do no damage.
The spiny frog is moderately wounded.
You closely miss the spiny frog.
The spiny frog is moderately wounded.
The spiny frog stings you!!
* * * LOW HITPOINT WARNING * * *
You are poisoned.
The spiny frog poisons you!
You mangle the spiny frog!!
You kill the spiny frog!
Okawaru accepts your kill.
You feel sick.
You completely miss the blink frog. You eviscerate the blink frog!!!
You kill the blink frog!
Okawaru accepts your kill.
You feel sick.
You feel sick.
The blink frog blinks!
The spiny frog stings you!!
* * * LOW HITPOINT WARNING * * *
You are more poisoned.
The spiny frog poisons you!
Things that are here:
a giant leech corpse; a river rat corpse Drink which item? (? for menu, Esc to quit)
You feel much better.
You feel sick. The spiny frog stings you.
* * * LOW HITPOINT WARNING * * *
You are lethally poisoned!
The spiny frog poisons you!
Drink which item? (? for menu, Esc to quit)
You can't drink that!
Throwing (i - inventory):
s - 5 large rocks (quivered)
Press: ? - help, Shift-Dir - straight line, f - spiny frog
Aim: a spiny frog
Okay, then.
Unknown command.
Drink which item? (? for menu, Esc to quit)
You feel better. The spiny frog stings you!!
You die...

,,,,,,,,,,,,,.....,.≈≈≈≈.≈≈,,≈≈≈≈
,,,,,,,,,,,,,,.F..,..≈≈≈≈≈≈≈≈≈≈≈≈
,,,,,,,.....,,,...,...FP≈≈≈≈≈≈≈≈.
,,,,,,,......,*,Y.,....≈FP≈≈≈≈≈≈.
,,,,,,,......,,**.#...≈...,,,≈F≈≈
,**,,,,..$Y.Y****#F†P.....,≈,....
******,.....P#* ##r#,,,,,,,≈,....
* *,P......*##F#P.#,,,,,,,.#..
**#....#.##@#####*,,,,,..P..
#...[....#.# *,,,,......
#........### **,*,.......
##.#.....## *,*,*#......
*#.#..<..### ******#.....
#,##......## *#P...
**#........### ##....
#.#......#..## #.....
##.##........# #.....


You could see 2 spiny frogs, a blink frog and a river rat.

Vanquished Creatures
  Norris (Depths:1)
  A fire giant (D:15)
  3 hydras
  3 death yaks (Lair:8)
  A queen ant (Lair:6)
  A deep troll earth mage (Depths:1)
  A centaur warrior (D:14)
  4 skeletal warriors (D:13)
  An unseen horror (D:12)
  6 hill giants
  2 deep trolls
  A wizard (D:14)
  A griffon (Lair:7)
  4 ugly things
  A cyclops (D:14)
  Joseph (D:8)
  3 ice statues (IceCv)
  6 spiny frogs
  2 gargoyles
  A freezing wraith (D:15)
  4 komodo dragons
  4 trolls
  A queen bee (shapeshifter) (D:14)
  A polar bear (Lair:7)
  A troll (shapeshifter) (D:14)
  A giant leech (Lair:8)
  11 slime creatures
  2 two-headed ogres
  8 blink frogs
  A shadow (D:11)
  A water elemental (Depths:1)
  3 deep elf magi
  26 yaks
  A trapdoor spider (D:12)
  6 vampire mosquitoes
  Grum (D:11)
  2 hippogriffs
  3 wolves
  A mottled dragon (D:13)
  2 water moccasins
  4 soldier ants
  10 ice beasts
  A wasp (D:11)
  A necrophage (D:7)
  2 ogres
  2 orc warriors
  2 phantoms
  3 crocodiles
  An eye of draining (D:12)
  6 centaurs
  11 giant frogs
  A big kobold (D:12)
  5 scorpions
  4 wights (D:13)
  6 killer bees (D:11)
  A crimson imp (D:12)
  A giant frog zombie (D:7)
  2 centaur zombies
  4 jellies
  A wasp zombie (D:8)
  2 centaur skeletons
  2 orc priests (D:13)
  4 iguanas
  3 orc wizards
  20 worker ants
  A killer bee zombie (D:6)
  13 sheep
  A mummy (D:6)
  Robin (D:2)
  4 adders
  3 gnolls (D:4)
  6 river rats (Lair:8)
  3 shadow imps
  12 white imps
  An ooze (D:5)
  An adder zombie (D:5)
  2 adder skeletons
  2 giant geckos
  12 orcs
  A bat (D:4)
  3 giant cockroaches
  4 hobgoblins
  2 jackals (D:4)
  2 quokkas
  A giant gecko skeleton (D:4)
  A giant newt (D:2)
  12 goblins
  2 hobgoblin zombies (D:6)
  8 kobolds
  2 kobold zombies (D:6)
  2 rats (D:2)
325 creatures vanquished.

Vanquished Creatures (others)
  A scorpion (D:8)
  A centaur skeleton (D:4)
  3 fungi
  7 plants
12 creatures vanquished.

Grand Total: 337 creatures vanquished

Notes
Turn   | Place    | Note
--------------------------------------------------------------
     0 | D:1      | Implojin the Troll Fighter began the quest for the Orb.
     0 | D:1      | Reached XP level 1. HP: 22/22 MP: 0/0
   150 | D:2      | Reached XP level 2. HP: 22/29 MP: 1/1
   238 | D:2      | Noticed Robin
   244 | D:2      | Reached skill level 3 in Unarmed Combat
   273 | D:2      | Killed Robin
   273 | D:2      | Reached XP level 3. HP: 31/36 MP: 2/2
   343 | D:3      | You fall through a shaft!
   343 | D:4      | Noticed an ogre
   354 | D:4      | Reached skill level 4 in Unarmed Combat
   389 | D:4      | Killed an ogre
   389 | D:4      | Reached skill level 5 in Unarmed Combat
   389 | D:4      | Reached XP level 4. HP: 6/44 MP: 3/3
   389 | D:4      | Reached XP level 5. HP: 6/50 MP: 4/4
   480 | D:4      | Found an opulent altar of Gozag.
   521 | D:4      | Found a radiant altar of Vehumet.
   523 | D:4      | Found Atolier's Antique Weapon Boutique.
   539 | D:4      | Reached skill level 6 in Unarmed Combat
   575 | D:5      | Entered Level 5 of the Dungeon
   600 | D:4      | Found a basalt altar of Yredelemnul.
   601 | D:4      | Found a snail-covered altar of Cheibriados.
   602 | D:4      | Found a burning altar of Makhleb.
   642 | D:6      | Reached XP level 6. HP: 41/59 MP: 5/5
   697 | D:7      | Reached skill level 7 in Unarmed Combat
   793 | D:7      | Reached XP level 7. HP: 65/65 MP: 6/6
   812 | D:7      | Found Yklilirch's Distillery.
   830 | D:7      | Bought a potion of heal wounds for 65 gold pieces
   872 | D:7      | Reached skill level 8 in Unarmed Combat
   934 | D:7      | Found a stormy altar of Qazlal.
   940 | D:7      | Found a blossoming altar of Fedhas.
  1181 | D:6      | Reached skill level 9 in Unarmed Combat
  1415 | D:5      | Found a sacrificial altar of Ru.
  1434 | D:5      | Reached XP level 8. HP: 59/74 MP: 7/7
  1804 | D:4      | Noticed a phantom
  1845 | D:4      | Killed a phantom
  1882 | D:3      | Found an iron altar of Okawaru.
  1890 | D:3      | Became a worshipper of Warmaster Okawaru
  1959 | D:7      | Bought a potion of lignification for 39 gold pieces
  1959 | D:7      | Bought a potion of resistance for 130 gold pieces
  1968 | D:8      | Reached skill level 10 in Unarmed Combat
  1982 | D:8      | Noticed Joseph
  1996 | D:8      | Killed Joseph
  2061 | D:8      | Reached skill level 11 in Unarmed Combat
  2157 | D:10     | Entered Level 10 of the Dungeon
  2167 | D:10     | Found Ycoduch's Magic Scroll Boutique.
  2276 | D:11     | Reached * piety under Okawaru
  2282 | D:12     | Reached XP level 9. HP: 28/80 MP: 8/8
  2285 | D:12     | Noticed a hill giant
  2319 | D:12     | Reached skill level 12 in Unarmed Combat
  2368 | D:12     | Killed an unseen horror
  2368 | D:12     | Reached ** piety under Okawaru
  2445 | D:12     | Reached skill level 13 in Unarmed Combat
  2476 | D:12     | Noticed a troll
  2522 | D:12     | Killed a troll
  2569 | D:12     | Killed a hill giant
  2580 | D:11     | Reached XP level 10. HP: 71/88 MP: 7/9
  2634 | D:11     | Reached skill level 14 in Unarmed Combat
  2636 | D:11     | Reached *** piety under Okawaru
  2694 | D:11     | Found a staircase to the Lair.
  2859 | D:13     | Noticed a skeletal warrior
  2859 | D:13     | Noticed a skeletal warrior
  2860 | D:13     | Noticed a skeletal warrior
  2860 | D:13     | Noticed a skeletal warrior
  2943 | D:12     | Noticed a hill giant
  2943 | D:12     | Noticed a brown ugly thing
  2954 | D:12     | Killed a hill giant
  2954 | D:12     | Reached skill level 15 in Unarmed Combat
  2966 | D:12     | Killed a brown ugly thing
  3037 | D:11     | Reached **** piety under Okawaru
  3039 | D:11     | Noticed a gargoyle
  3047 | D:11     | Killed a gargoyle
  3049 | D:11     | Noticed a troll
  3063 | D:11     | Reached skill level 16 in Unarmed Combat
  3123 | D:11     | Killed a troll
  3123 | D:11     | Reached XP level 11. HP: 35/94 MP: 8/10
  3293 | D:13     | Killed a skeletal warrior
  3297 | D:13     | Killed a skeletal warrior
  3301 | D:13     | Killed a skeletal warrior
  3310 | D:13     | Killed a skeletal warrior
  3310 | D:13     | Reached ***** piety under Okawaru
  3425 | D:13     | Reached skill level 17 in Unarmed Combat
  3446 | D:13     | Reached skill level 1 in Invocations
  3480 | D:14     | Found a frozen archway.
  3536 | D:14     | Reached skill level 2 in Invocations
  3641 | IceCv    | Entered an ice cave
  3669 | IceCv    | Reached skill level 3 in Invocations
  3723 | IceCv    | Reached skill level 4 in Invocations
  3843 | D:14     | Noticed a centaur warrior
  3851 | D:14     | Killed a centaur warrior
  3851 | D:14     | Received a gift from Okawaru
  3851 | D:14     | Reached skill level 5 in Invocations
  3896 | D:14     | Noticed a hill giant
  3906 | D:14     | Killed a hill giant
  3906 | D:14     | Reached skill level 6 in Invocations
  3908 | D:14     | Noticed a hill giant
  3916 | D:14     | Killed a hill giant
  3931 | D:14     | Reached XP level 12. HP: 85/104 MP: 14/16
  3939 | D:14     | Reached skill level 7 in Invocations
  3950 | D:14     | Noticed a wizard
  3957 | D:14     | Killed a wizard
  3969 | D:14     | Found a gate to the Vaults.
  3995 | D:14     | Found Zaomnamo's Armour Shop.
  4036 | D:14     | Noticed a hill giant
  4040 | D:14     | Killed a hill giant
  4054 | D:15     | Entered Level 15 of the Dungeon
  4060 | D:15     | Found a glowing golden altar of the Shining One.
  4074 | D:15     | Found a staircase to the Depths.
  4075 | D:15     | Noticed a fire giant
  4151 | D:15     | Reached skill level 8 in Invocations
  4258 | D:15     | Killed a fire giant
  4331 | Depths:1 | Entered Level 1 of the Depths
  4332 | Depths:1 | Noticed Norris
  4365 | Depths:1 | Killed Norris
  4365 | Depths:1 | Received a gift from Okawaru
  4365 | Depths:1 | Reached skill level 18 in Unarmed Combat
  4366 | Depths:1 | Got a heavily jewelled robe {god gift}
  4398 | Depths:1 | Noticed a great orb of eyes
  4407 | D:15     | Identified a scroll of acquirement
  4584 | D:14     | Reached XP level 13. HP: 52/110 MP: 18/18
  4632 | D:14     | Reached skill level 19 in Unarmed Combat
  4966 | D:10     | Bought a scroll of fog for 26 gold pieces
  4966 | D:10     | Bought a scroll of identify for 26 gold pieces
  4966 | D:10     | Bought a scroll of torment for 97 gold pieces
  5073 | D:11     | Noticed Grum
  5081 | D:11     | Killed Grum
  5098 | Lair:1   | Entered Level 1 of the Lair of Beasts
  5535 | Lair:6   | Identified the +2 robe "Edocleec" {MR+ Int+3} (Okawaru gifted it to you on level 1 of the Depths)
  5549 | Lair:7   | Reached skill level 20 in Unarmed Combat
  5630 | Lair:8   | Entered Level 8 of the Lair of Beasts
  5861 | Lair:8   | Received a gift from Okawaru
  5892 | Lair:8   | HP: 3/110 [spiny frog (26)]
  5894 | Lair:8   | Slain by a spiny frog

Action                   |  1- 3 |  4- 6 |  7- 9 | 10-12 | 13-15 || total
-------------------------+-------+-------+-------+-------+-------++-------
Melee: Unarmed           |    71 |    76 |   185 |   403 |   307 ||  1042
Throw: Tomahawk          |       |       |     5 |    27 |       ||    32
       Large rock        |       |       |       |       |    15 ||    15
       Throwing net      |       |       |       |       |     2 ||     2
Invok: Heroism           |       |       |     5 |    23 |    11 ||    39
       Finesse           |       |       |       |     4 |     3 ||     7
Evoke: Wand              |       |       |       |     8 |     6 ||    14
  Use: Potion            |     1 |       |     7 |     5 |     2 ||    15
       Scroll            |       |       |    16 |    10 |     3 ||    29
 Stab: Sleeping          |       |       |     2 |     2 |     3 ||     7
  Eat: Chunk             |     4 |       |    17 |    25 |    15 ||    61

Table legend:
 A = Turns spent in this place as a percentage of turns spent in the entire game.
 B = Non-inter-level travel turns spent in this place as a percentage of non-inter-level travel turns spent in the entire game.
 C = Inter-level travel turns spent in this place as a percentage of turns spent in this place.
 D = Turns resting spent in this place as a percentage of non-inter-level travel turns spent in this place.
 E = Turns spent auto-exploring this place as a percentage of non-inter-level travel turns spent in this place.
 F = Non-inter-level travel turns spent in this place divided by the number of levels of this place that you've seen.
                   A       B       C       D       E      F
               +-------+-------+-------+-------+-------+----------------------
         Total | 100.0 | 100.0 |   0.0 |   0.1 |   0.0 | 229.1
       Dungeon |  83.1 |  83.1 |   0.0 |   0.1 |   0.0 | 317.2
          Lair |  13.2 |  13.2 |   0.0 |   0.0 |   0.0 |  94.8
        Depths |   1.3 |   1.3 |   0.0 |   0.0 |   0.0 |  73.0
      Ice Cave |   2.4 |   2.4 |   0.0 |   0.0 |   0.0 | 139.0
               +-------+-------+-------+-------+-------+----------------------

Table legend:
 A = Kills in this place as a percentage of kills in entire the game.
 B = Kills by you in this place as a percentage of kills by you in the entire game.
 C = Kills by friends in this place as a percentage of kills by friends in the entire game.
 D = Other kills in this place as a percentage of other kills in the entire game.
 E = Experience gained in this place as a percentage of experience gained in the entire game.
 F = Experience gained in this place divided by the number of levels of this place that you have seen.
                   A       B       C       D       E      F
               +-------+-------+-------+-------+-------+----------------------
         Total | 100.0 | 100.0 |  -nan |  -nan | 100.0 | 2453.7
       Dungeon |  68.3 |  68.3 |  -nan |  -nan |  55.3 | 2259.7
          Lair |  27.7 |  27.7 |  -nan |  -nan |  30.2 | 2314.1
        Depths |   1.2 |   1.2 |  -nan |  -nan |  11.2 | 6849.0
      Ice Cave |   2.8 |   2.8 |  -nan |  -nan |   3.4 | 2084.0
               +-------+-------+-------+-------+-------+----------------------
